AoeStats
← Arcangelos

Arabian Desert

510251423Analyzed
1v1 RM · 1d ago on Sep 30, 2026· 76m 29s· 2 players
Game mode
Random Map
Map size
Tiny (2 player)
Population
200
Speed
Normal
Resources
Standard
Victory
Conquest
Starting age
Dark Age
Ending age
Imperial Age
RankedLock teamsTeams togetherTeam positionsShared explorationLock speedFull tech treeHidden civsTurbo modeCheats
Victory
Defeat
🇲🇽 Slavs · Mexico
1201
+14
🇦🇺 Inca · Australia
1151
-14
mickle'a'muckle
7:47 Loom
10:41 Feudal Age
11:23 Double-Bit Axe
16:54 Horse Collar
17:40 Stone Mining
20:55 Castle Age
18:53 Gold Mining
22:05 Scale Mail Armor
22:19 Bow Saw
32:35 Wheelbarrow
32:41 Heavy Plow
34:15 Chain Mail Armor
37:04 Forging
36:45 Fletching
40:00 Hand Cart
43:38 Imperial Age
42:03 Bodkin Arrow
42:45 Iron Casting
43:19 Town Watch
43:54 Bodkin Arrow
44:25 Fabric Shields
45:15 Plate Mail Armor
44:42 Elite Kamayuk
46:21 Squires
46:07 Arson
46:12 Heavy Scorpion
47:37 Conscription
47:54 Ballistics
49:02 Siege Engineers
50:02 Blast Furnace
51:48 Elite Skirmisher
52:33 Bracer
56:40 Andean Sling
60:42 Thumb Ring
67:52 Champi Runner
67:56 Pikeman
69:57 Guilds
69:16 Halberdier
70:22 Capped Ram
71:27 Masonry
71:14 Siege Ram
76:55 Padded Archer Armor
Arcangelos
2:02 Loom
10:31 Feudal Age
12:00 Horse Collar
13:52 Wheelbarrow
16:00 Gold Mining
17:04 Fletching
17:53 Double-Bit Axe
18:36 Padded Archer Armor
22:30 Castle Age
21:24 Man-at-Arms
22:20 Stone Mining
22:32 Scale Mail Armor
22:43 Forging
22:38 Long Swordsman
23:19 Squires
24:56 Chain Mail Armor
25:58 Iron Casting
25:41 Heavy Plow
26:01 Town Watch
27:18 Bodkin Arrow
28:53 Crossbowman
32:25 Scale Barding Armor
34:58 Gold Shaft Mining
34:27 Detinets
38:19 Chain Barding Armor
43:47 Imperial Age
41:34 Hand Cart
41:45 Bow Saw
44:36 Ballistics
44:26 Masonry
44:41 Siege Engineers
45:50 Two-Man Saw
44:56 Druzhina
45:19 Conscription
44:53 Capped Ram
45:00 Two-Handed Swordsman
46:45 Plate Mail Armor
46:02 Champion
47:40 Sappers
51:17 Blast Furnace
50:21 Elite Skirmisher
52:11 Chemistry
53:32 Heavy Scorpion
55:04 Leather Archer Armor
55:45 Murder Holes
56:39 Light Cavalry
57:30 Bloodlines
57:20 Husbandry
58:00 Plate Barding Armor
73:31 Ring Archer Armor
76:09 Redemption
75:29 Siege Ram
Connection lost

Rejoining the realm…

Still unreachable

The connection could not be restored.

Session expired

The server has moved on; the page needs a fresh start.